 Dungeon Crawl Stone Soup version 0.29-a0-409-gd843f3a48c (webtiles) character file.

Game seed: 6148684153261563276

497808 dolemite99 the Grand Scion (level 25, -23/182 HPs)
             Began as a Gnoll Earth Elementalist on May 12, 2022.
             Was a High Priest of Hepliaklqana.
             Killed from afar by a tengu reaver (56 damage)
             ... with a bolt of acid
             ... led by Sojobo
             ... on level 2 of the Crypt on May 14, 2022.
             The game lasted 03:05:04 (101844 turns).

dolemite99 the Grand Scion (GnEE)                 Turns: 101844, Time: 03:05:04

Health: -23/182    AC: 27    Str: 13    XL:     25   Next: 16%
Magic:  28/44      EV: 36    Int: 32    God:    Hepliaklqana [*****.]
Gold:   990        SH: 18    Dex: 19    Spells: 8/58 levels left

rFire   + . .      SeeInvis .   P - staff of air
rCold   + . .      Faith    .   F - +3 kite shield {reflect}
rNeg    + . .      Spirit   .   O - quicksilver dragon scales of Devotion {Will+ Int+4}
rPois   .          Reflect  +   i - +2 helmet {Int+3}
rElec   +          Harm     .   u - scarf {rC+ rF+}
rCorr   .          Rampage  +   R - +2 pair of gloves
Will    ++...                   z - +2 pair of boots {rampage}
Stlth   ++++++....              K - amulet of the Winnowing Jester {Acrobat rElec rN+}
HPRegen 0.40/turn               f - ring of Vehumet's Pride {Str+6 Dex+4}
MPRegen 0.29/turn               c - ring of wizardry {=R}

@: flayed, acrobatic, studying 3 skills
A: reduced essence, fangs 1, strong nose, distributed training
}: 2/15 runes: barnacled, gossamer
a: Renounce Religion, Recall Ancestor, Ancestor Identity, Transference, Idealise


You were on level 2 of the Crypt.
You worshipped Hepliaklqana.
Hepliaklqana was extremely pleased with you.
You visited 10 branches of the dungeon, and saw 45 of its levels.
You visited the Abyss 1 time.

You collected 7745 gold pieces.
You spent 6755 gold pieces at shops.

Inventory:

Hand Weapons
 a - the +3 long sword of Wu Jian's Indignation {flame, rN+ rCorr Dex+7 SInv}
   (You found it on level 3 of the Depths)

   It burns those it strikes, dealing additional fire damage.
   Big, fiery blades are also staple armaments of hydra-hunters.
   Dex:       It affects your dexterity (+7).
   rN:        It protects you from negative energy.
   SInv:      It lets you see invisible.
   rCorr:     It protects you from acid and corrosion.
 b - a +4 demon trident of pain
 r - a +5 broad axe of freezing
Missiles
 G - 19 javelins (quivered)
 N - 4 throwing nets
Armour
 i - a +2 helmet of intelligence (worn)
 u - a scarf of resistance (worn)
 z - a +2 pair of boots of rampaging (worn)
 F - a +3 kite shield of reflection (worn)
 O - the quicksilver dragon scales of Devotion (worn) {Will+ Int+4}
   (You bought it in a shop on level 3 of the Vaults)

   Int:       It affects your intelligence (+4).
   Will:      It increases your willpower.
 R - a +2 pair of gloves (worn)
Magical Staves
 P - a staff of air (weapon)
Jewellery
 c - a ring of wizardry (right hand) {=R}
 e - a ring of protection from cold
 f - the ring of Vehumet's Pride (left hand) {Str+6 Dex+4}
   (You found it on level 6 of the Lair of Beasts)

   [ring of strength]

   Str:       It affects your strength (+6).
   Dex:       It affects your dexterity (+4).
 g - a ring of poison resistance
 m - a ring of see invisible
 n - a ring of resist corrosion
 p - a ring of protection from fire
 t - the ring of Qaemuesch {rF+++ rCorr Int+8 Slay-2}
   (You took it off a skeletal warrior on level 1 of the Crypt)

   [ring of resist corrosion]

   Int:       It affects your intelligence (+8).
   Slay:      It affects your accuracy & damage with ranged weapons and melee
   (-2).
   rF:        It renders you almost immune to fire.
   rCorr:     It protects you from acid and corrosion.
 K - the amulet of the Winnowing Jester (around neck) {Acrobat rElec rN+}
   (You bought it in a shop on level 1 of the Depths)

   [amulet of the acrobat]

   It increases your evasion while moving and waiting.
   rElec:     It insulates you from electricity.
   rN:        It protects you from negative energy.
Wands
 j - a wand of digging (5)
 w - a wand of charming (5)
 B - a wand of polymorph (53)
 D - a wand of paralysis (13)
 Z - a wand of iceblast (12)
Scrolls
 k - 33 scrolls of identify {@r1}
 o - 3 scrolls of fear
 q - 2 scrolls of poison
 s - 13 scrolls of teleportation
 y - 5 scrolls of blinking
 J - 10 scrolls of vulnerability
 M - 3 scrolls of silence
 S - 3 scrolls of magic mapping
 W - 11 scrolls of fog
Potions
 h - 3 potions of mutation
 l - 30 potions of curing
 v - 9 potions of might
 x - 2 potions of cancellation
 A - 11 potions of ambrosia
 C - 12 potions of haste
 H - 7 potions of heal wounds
 Q - 10 potions of flight
 T - a potion of invisibility
 U - 9 potions of berserk rage
 V - 9 potions of brilliance
 X - a potion of magic
Miscellaneous
 d - a phial of floods
 E - a condenser vane
 I - a phantom mirror (inert)
 L - a tin of tremorstones (2/2)
 Y - a box of beasts


   Skills:
 + Level 17.7 Fighting
 + Level 16.8 Short Blades
 + Level 16.8 Long Blades
 + Level 16.8 Axes
 + Level 16.8 Maces & Flails
 + Level 16.8 Polearms
 + Level 16.8 Staves
 + Level 16.8 Slings
 + Level 16.8 Bows
 + Level 16.8 Crossbows
 + Level 16.8 Throwing
 + Level 16.8 Armour
 + Level 18.2 Dodging
 + Level 17.3 Stealth
 + Level 16.8 Shields
 + Level 16.8 Unarmed Combat
 + Level 17.4 Spellcasting
 + Level 14.3 Conjurations
 + Level 14.3 Hexes
 + Level 14.3 Summonings
 + Level 14.3 Necromancy
 + Level 14.3 Translocations
 + Level 15.7 Transmutations
 + Level 14.3 Fire Magic
 + Level 14.3 Ice Magic
 + Level 14.3 Air Magic
 + Level 15.2 Earth Magic
 + Level 14.3 Poison Magic
 + Level 18.2 Invocations
 + Level 16.8 Evocations


You had 8 spell levels left.
You knew the following spells:

 Your Spells              Type           Power      Damage    Failure   Level
a - Iron Shot             Conj/Erth      44%        9d9       1%          6
b - Borgnjor's Vile Clut  Necr/Erth      44%        N/A       1%          5
c - Summon Lightning Spi  Summ/Air       100%       N/A       1%          4
d - Malign Gateway        Summ/Tloc      44%        N/A       3%          7
e - Dazzling Flash        Conj/Hex       100%       N/A       1%          3
f - Frozen Ramparts       Ice            100%       1d12      1%          3
h - Death Channel         Necr           44%        N/A       1%          6
i - Lee's Rapid Deconstr  Erth           45%        3d23*     1%          5
j - Sublimation of Blood  Necr           88%        N/A       0%          2
k - Vampiric Draining     Necr           88%        2d12      1%          3
l - Statue Form           Tmut/Erth      60%        N/A       1%          6

Your spell library contained the following spells:

 Spells                   Type           Power      Damage    Failure   Level
 Animate Skeleton         Necr           100%       N/A       0%          1
 Pain                     Necr           100%       1d9       0%          1
 Sandblast                Erth           100%       2d20      0%          1
 Shock                    Conj/Air       100%       1d9       0%          1
 Sting                    Tmut/Pois      100%       1d8       0%          1
 Blink                    Tloc           100%       N/A       0%          2
 Corpse Rot               Necr/Air       100%       N/A       0%          2
 Ensorcelled Hibernation  Hex/Ice        100%       N/A       0%          2
 Passwall                 Tmut/Erth      75%        N/A       0%          2
 Poisonous Vapours        Pois/Air       100%       N/A       0%          2
 Static Discharge         Conj/Air       100%       N/A       0%          2
 Gell's Gravitas          Tloc           88%        N/A       1%          3
 Lesser Beckoning         Tloc           88%        N/A       1%          3
 Portal Projectile        Hex/Tloc       100%       N/A       1%          3
 Stone Arrow              Conj/Erth      100%       3d13      1%          3
 Swiftness                Air            100%       N/A       1%          3
 Teleport Other           Tloc           88%        N/A       1%          3
 Tukima's Dance           Hex            88%        N/A       1%          3
 Airstrike                Air            54%        N/A       1%          4
 Anguish                  Hex/Necr       44%        N/A       1%          4
 Hailstorm                Conj/Ice       88%        3d18      1%          4
 Ice Form                 Ice/Tmut       90%        N/A       1%          4
 Iskenderun's Mystic Bla  Conj/Tloc      88%        2d17      1%          4
 Leda's Liquefaction      Hex/Erth       44%        N/A       1%          4
 Passage of Golubria      Tloc           88%        N/A       1%          4
 Petrify                  Tmut/Erth      91%        N/A       1%          4
 Summon Ice Beast         Ice/Summ       88%        N/A       1%          4
 Agony                    Necr           88%        N/A       1%          5
 Alistair's Intoxication  Tmut/Pois      60%        N/A       1%          5
 Blade Hands              Tmut           45%        N/A       1%          5
 Excruciating Wounds      Necr           44%        N/A       1%          5
 Freezing Cloud           Conj/Ice/Air   54%        6-21      1%          5
 Irradiate                Conj/Tmut      45%        3d28      1%          5
 Lightning Bolt           Conj/Air       54%        1d76      1%          5
 Manifold Assault         Tloc           88%        N/A       1%          5
 Metabolic Englaciation   Hex/Ice        44%        N/A       1%          5
 Silence                  Hex/Air        54%        N/A       1%          5
 Simulacrum               Ice/Necr       44%        N/A       1%          6
 Dragon Form              Tmut           45%        N/A       1%          7
 Enfeeble                 Hex            44%        N/A       3%          7
 Spellforged Servitor     Conj/Summ      44%        N/A       3%          7
 Summon Horrible Things   Summ           44%        N/A       26%         8
 Polar Vortex             Ice            44%        N/A       98%         9


Dungeon Overview and Level Annotations

Branches:
Dungeon (15/15)            Temple (1/1) D:7            Lair (6/6) D:10
 Shoals (4/4) Lair:4       Spider (4/4) Lair:2        Slime (0/5) Lair:5
    Orc (2/2) D:9             Elf (3/3) Orc:2        Vaults (4/5) D:14
  Crypt (2/3) Vaults:3     Depths (4/4) D:15            Zot (0/5) Depths:4

Altars:
Ashenzari
Cheibriados
Dithmenos
Elyvilon
Fedhas
Gozag
Hepliaklqana
Kikubaaqudgha
Makhleb
Nemelex Xobeh
Okawaru
Qazlal
Ru
Sif Muna
Trog
Uskayaw
Vehumet
Wu Jian
Xom
Yredelemnul
Zin
The Shining One
Jiyva

Shops:
D:4 [   D:5 [   D:10 =   Orc:2 *:?[(   Vaults:3 *   Depths:1 =::   Depths:2 (=
Depths:4 (*?

Portals:
Hell: Depths:1 Depths:2 Depths:3 Depths:4
Abyss: D:15 Depths:1 Depths:3
Pandemonium: Depths:2 Depths:4
Ziggurat: Depths:2

Annotations:
D:4 2 runed translucent doors, trckry's ghost, amateur FeSu
D:5 2 runed translucent doors
D:15 2 transporters, Yamstis's ghost, adept GnMo
Lair:5 1 runed translucent door
Shoals:1 3 runed translucent doors, trckry's ghost, adept HuSu
Elf:2 3 runed translucent doors
Elf:3 2 transporters, spaghetti's ghost, adept GnWn
Crypt:2 Sojobo


Innate Abilities, Weirdness & Mutations

Your life essence is reduced to manifest your ancestor. (-10% HP)
You have very sharp teeth.
Your uncanny sense of smell can sniff out nearby items.
Your experience applies equally to all skills.


Message History

The flayed ghost cries, "Feel what I felt!"
Terrible wounds open up all over your body!
Sojobo misses you. Sojobo pecks you but does no damage. Sojobo claws you.
Sojobo attacks as you move away!
Sojobo hits you with a +2 great sword of electrocution!
Sojobo completely misses you. x2
The flayed ghost cries, "Suffer as I suffered!"
Terrible wounds spread across more of your body!
Sojobo conjures a fierce blast of wind!
You are blown backwards!
Nolwazi and the tengu reaver are blown away by the wind.
Your eldritch tentacle slaps the tengu reaver!!
Your eldritch tentacle drains the tengu reaver.
Your eldritch tentacle completely misses the tengu reaver.
Your eldritch tentacle segment cannot move out of your way!
The tengu reaver casts a spell at you.
The bolt of negative energy hits your eldritch tentacle.
Your eldritch tentacle completely resists.
The bolt of negative energy misses you.
Your eldritch tentacle slaps the tengu reaver!!
Your eldritch tentacle shocks the tengu reaver!!
Your eldritch tentacle misses the tengu reaver.
The flayed ghost stares at you with tortured malice.
Terrible wounds spread across more of your body!
* * * LOW HITPOINT WARNING * * *
Your lightning spire shoots out a bolt of lightning at Sojobo!
The bolt of electricity hits Sojobo!
Your eldritch tentacle completely misses Sojobo.
Your eldritch tentacle barely misses Sojobo.
The tengu reaver hits your eldritch tentacle with a +0 vorpal halberd.
The tengu reaver pecks your eldritch tentacle.
The tengu reaver claws your eldritch tentacle.
Sojobo points at you and mumbles some strange words.
The bolt of lightning hits your lightning spire.
Your lightning spire completely resists.
The bolt of lightning hits you! You resist.
* * * LOW HITPOINT WARNING * * *
The tengu reaver casts a spell at you. The bolt of acid hits you!!!
You die...

#...# #. ..R.... #...# #. .....
. #...# #.. #...# .. #...# #..
#...# ... #...# #...# #...#
.... #...# #...###.Λ.## .....
#...# #....../.\.###......
#...########....@*...wQ.'......
'...................8QW.'......
'...............##Q..2..'......
'...............##...####......
####'''######...##...# #.....
..........# #...##...# #####
..........# #...##...#
..........###...##...#
..........+......#...#


You could see Sojobo (repels missiles, ally target), 2 tengu reavers, a reaper,
a flayed ghost, a friendly eldritch tentacle and a friendly lightning spire
(summoned).

Vanquished Creatures
  Saint Roka (Depths:3)
  A golden dragon (Depths:4)
  Jorgrun (Spider:3)
  Mlioglotl (Spider:3)
  A deep elf master archer (Elf:3)
  A lich (Vaults:4)
  A quicksilver dragon (Depths:2)
  A deep elf blademaster (Elf:3)
  2 titans
  An eldritch tentacle (Depths:1)
  Agnes (Spider:3)
  A storm dragon (Spider:1)
  6 sphinxes
  A revenant (Vaults:3)
  A shadow dragon (Vaults:3)
  3 tengu reavers
  Ilsuiw (Shoals:2)
  2 draconian knights (Depths:4)
  4 fire giants
  6 emperor scorpions
  An orc warlord (Vaults:3)
  5 vault wardens
  3 ghost moths
  A caustic shrike zombie (Crypt:1)
  A very ugly thing (Vaults:3)
  4 frost giants
  A broodmother (Spider:1)
  A curse skull (Crypt:2)
  A spriggan defender (Depths:3)
  6 ironbound preservers
  2 ghouls (Crypt:2)
  7 stone giants
  3 vampire knights (Crypt:1)
  An ironbound thunderhulk (Vaults:1)
  Nessos (D:14)
  2 deep elf demonologists
  6 dire elephants
  4 deep elf annihilators
  An entropy weaver (Spider:2)
  A yellow draconian (Depths:4)
  5 ettins
  Snorg (D:14)
  5 spark wasps
  3 fire dragons
  3 jiangshi (Crypt:1)
  2 merfolk javelineers
  6 merfolk impalers
  A crystal guardian (Vaults:1)
  5 yaktaur captains
  2 great orbs of eyes
  3 deep elf high priests
  5 hydras
  5 ice dragons
  5 vault guards
  2 peacekeepers
  2 merfolk avatars (Shoals:4)
  4 ironbound frosthearts
  3 boulder beetles
  A spriggan air mage (Depths:2)
  2 catoblepae (Lair:6)
  2 alligator snapping turtles (Shoals:4)
  8 centaur warriors
  2 radroaches
  A death knight (Crypt:2)
  A two-headed ogre (shapeshifter) (Vaults:4)
  14 dancing weapons
  3 merfolk aquamancers (Shoals:4)
  2 deep troll shamans (Depths:2)
  16 death yaks
  2 two-headed ogres
  3 tengu warriors
  3 orc high priests (Orc:2)
  6 vampire magi
  4 spriggan berserkers (Depths:4)
  2 thrashing horrors (Abyss:3)
  2 spriggans (Depths:4)
  A deep troll earth mage (Depths:2)
  6 hell knights
  A soul eater (Depths:2)
  6 deep elf knights
  2 pharaoh ants
  7 skeletal warriors
  A sixfirhy (Abyss:3)
  25 deep trolls
  A flayed ghost (Crypt:2)
  2 steelbarb worms
  2 sea snakes
  A kraken simulacrum (Shoals:4)
  11 ironbound convokers
  An orange crystal statue (Depths:2)
  4 orb spiders
  2 phantasmal warriors
  7 deep elf archers
  16 harpies
  2 wizards (Vaults:1)
  8 orc knights
  9 deep elf pyromancers
  19 deep elf zephyrmancers
  9 wolf spiders
  An anaconda skeleton (Crypt:1)
  2 necromancers
  13 ugly things
  7 manticores
  A faun (Shoals:3)
  2 cyclopes
  A frost giant zombie (Depths:2)
  7 elephants
  3 merfolk sirens
  2 moths of wrath (Spider:4)
  A black mamba (Lair:5)
  A guardian serpent (Abyss:3)
  8 vault sentinels
  2 rust devils (Depths:2)
  2 gargoyles
  A rime drake (Lair:5)
  10 cane toads
  A smoke demon (Abyss:3)
  4 efreet
  A torpor snail (Spider:1)
  2 demonic crawlers
  12 yaktaurs
  A hellion (Abyss:3)
  A rime drake (shapeshifter) (Elf:3)
  2 ice devils
  A freezing wraith (Crypt:2)
  7 komodo dragons
  An ancient zyme (Abyss:3)
  A red devil (Depths:4)
  A tengu conjurer (D:15)
  2 merfolk (Shoals:4)
  2 trolls
  2 wind drakes
  8 meliai
  A polar bear (Lair:2)
  A tengu simulacrum (Depths:2)
  3 raiju (Abyss:3)
  21 blink frogs
  2 large abominations
  15 tarantellas
  Grinder (D:4)
  6 hornets
  10 slime creatures
  A snapping turtle (Shoals:4)
  A black mamba zombie (Crypt:1)
  7 jumping spiders
  4 air elementals (Elf:2)
  A shadow (D:12)
  5 culicivoras
  A wraith (D:12)
  A human (D:9)
  11 water elementals
  6 wyverns
  60 yaks
  3 small abominations
  A spriggan (shapeshifter) (Elf:1)
  A vampire (D:9)
  6 basilisks
  A golden eye (shapeshifter) (Vaults:2)
  A neqoxec (Depths:2)
  6 fire elementals
  6 chaos spawn
  22 redbacks
  A steam dragon (D:7)
  2 vampire mosquitoes (D:12)
  A harpy simulacrum (Crypt:1)
  2 wargs
  An acid dragon (D:10)
  A deep troll skeleton (Crypt:2)
  12 water moccasins
  A starcursed mass (Abyss:3)
  2 black bears (D:6)
  13 orc warriors
  2 ice beasts (D:6)
  4 ogres
  4 wolves
  An ogre (shapeshifter) (Elf:1)
  19 centaurs
  A phantom (D:6)
  3 kobold brigands
  A gnoll sergeant (D:9)
  2 necrophages
  12 bullfrogs
  3 scorpions
  An earth elemental (Elf:2)
  19 wights
  7 killer bees
  A spriggan zombie (Crypt:1)
  A howler monkey (D:4)
  2 electric eels (D:14)
  2 lava snakes (D:15)
  A centaur zombie (D:4)
  15 orc priests
  A centaur skeleton (D:4)
  A quasit (Abyss:3)
  6 hounds
  3 jellies
  A gnoll shaman (D:9)
  Ijyb (D:4)
  Jessica (D:3)
  3 iguanas
  12 orc wizards
  2 scorpion zombies (D:4)
  3 hound zombies (D:4)
  11 gnolls
  9 adders
  2 white imps (D:7)
  4 adder skeletons
  3 adder zombies (D:4)
  4 worms
  4 dart slugs
  45 orcs
  7 endoplasms
  2 giant cockroaches
  22 goblins
  11 hobgoblins
  5 jackals (D:3)
  5 quokkas
  5 ball pythons
  9 bats
  2 frilled lizards
  A goblin skeleton (Crypt:1)
  23 kobolds
  7 rats
  A fire vortex (D:15)
1039 creatures vanquished.

Vanquished Creatures (collateral kills)
  A juggernaut (Depths:1)
  Josephina (Depths:3)
  Bai Suzhen (Crypt:1)
  Margery (Vaults:4)
  Frederick (Vaults:3)
  Xtahua (Crypt:1)
  2 bone dragons
  Rupert (Lair:6)
  2 liches
  A deep elf master archer (Elf:3)
  3 eldritch tentacles
  2 sphinxes
  Polyphemus (Shoals:3)
  2 ancient champions
  Frances (D:12)
  A tengu reaver (Vaults:3)
  Donald (Spider:2)
  Kirke (D:13)
  2 storm dragons (Vaults:4)
  2 revenants (Crypt:2)
  3 shadow dragons
  4 frost giants
  4 fire giants
  2 ghost moths (Spider:4)
  Aizul (Vaults:1)
  An emperor scorpion (Spider:3)
  5 deep elf sorcerers
  12 vault wardens
  An orc warlord (Vaults:4)
  4 spectral caustic shrikes (Depths:3)
  4 deep elf elementalists (Elf:3)
  14 ironbound preservers
  14 very ugly things
  8 ghouls
  10 stone giants
  2 spriggan defenders
  2 ironbound thunderhulks
  5 vampire knights
  A green draconian (Depths:4)
  7 deep elf annihilators (Elf:3)
  4 deep elf demonologists
  6 dire elephants
  A purple draconian (Depths:4)
  3 spark wasps
  A yellow draconian (Vaults:4)
  An entropy weaver (Spider:3)
  6 deep elf death magi
  An eidolon (Crypt:2)
  A green death (Depths:4)
  A merfolk javelineer (Shoals:4)
  A blizzard demon (Depths:2)
  5 jiangshi
  6 ettins
  5 fire dragons
  6 deep elf high priests
  3 rakshasas
  7 great orbs of eyes
  4 merfolk impalers (Shoals:4)
  5 ice dragons
  4 yaktaur captains
  8 vault guards
  2 fenstrider witch zombies (Crypt:1)
  2 ogre magi
  4 boulder beetles
  A hydra (Lair:6)
  2 caustic shrike simulacra
  5 spriggan air magi
  2 jorogumos
  A radroach (Spider:4)
  3 merfolk aquamancers (Shoals:4)
  An alligator snapping turtle (Shoals:2)
  A death knight (D:15)
  4 ironbound frosthearts
  A spriggan skeleton (Crypt:1)
  4 catoblepae
  A tengu warrior (Depths:2)
  2 deep troll shamans
  7 two-headed ogres
  12 centaur warriors
  12 death yaks
  A satyr (Shoals:3)
  4 deep troll earth magi
  2 orc high priests (Orc:2)
  6 dancing weapons
  3 spriggan berserkers
  7 vampire magi
  2 soul eaters
  2 deep elf knights
  Sonja (Orc:2)
  A sun demon (Depths:2)
  A spriggan (Depths:3)
  A thrashing horror (Abyss:3)
  20 skeletal warriors
  A titan skeleton (Crypt:2)
  A wretched star (Abyss:3)
  10 hell knights
  A spark wasp zombie (Depths:2)
  2 iron trolls
  A spatial maelstrom (Abyss:3)
  3 starcursed masses (Abyss:3)
  3 pharaoh ants
  A shadow wraith (Crypt:2)
  A steelbarb worm (Spider:1)
  A bog body (Crypt:2)
  35 deep trolls
  A flayed ghost (Depths:2)
  An anaconda zombie (Abyss:3)
  2 glowing orange brains
  A spriggan simulacrum (Depths:3)
  5 orb spiders
  4 wizards
  14 sea snakes
  6 lindwurms
  9 necromancers
  4 phantasmal warriors
  6 orc knights
  4 ironbound convokers (Vaults:1)
  8 deep elf zephyrmancers
  8 deep elf archers
  A bunyip skeleton (Crypt:1)
  23 deep elf pyromancers
  15 wolf spiders
  10 harpies
  A fire giant zombie (Depths:2)
  An orc sorcerer (Orc:1)
  2 cyclopes (Shoals:4)
  21 ugly things
  7 large abominations
  10 manticores
  2 fauns (Shoals:3)
  A worldbinder (Abyss:3)
  6 elephants
  2 moths of wrath
  3 water nymphs
  A water nymph (shapeshifter) (Depths:1)
  4 merfolk sirens
  A rust devil (Depths:2)
  10 vault sentinels
  An orange demon (Depths:2)
  A smoke demon (Depths:4)
  A gargoyle (D:13)
  A death yak zombie (Crypt:1)
  7 cane toads
  2 unseen horrors
  A storm dragon simulacrum (Depths:3)
  7 yaktaurs
  3 demonic crawlers
  A hellwing (Depths:2)
  2 tengu conjurers (D:13)
  A redback zombie (Crypt:2)
  3 komodo dragons
  An ancient zyme (Abyss:3)
  A golden dragon simulacrum (Depths:3)
  13 merfolk
  2 freezing wraiths (Vaults:3)
  A meliai (Spider:1)
  A polar bear (Lair:3)
  A pale draconian skeleton (Crypt:1)
  2 hornets
  A raiju (shapeshifter) (Vaults:2)
  11 blink frogs
  24 tarantellas
  5 wind drakes
  19 slime creatures
  A hydra skeleton (Crypt:2)
  4 raiju (Abyss:3)
  A culicivora zombie (Crypt:1)
  3 dream sheep (Shoals:4)
  7 snapping turtles
  15 jumping spiders
  5 flying skulls (Abyss:3)
  A shapeshifter (Depths:2)
  A black mamba zombie (Crypt:1)
  5 wraiths
  13 culicivoras
  16 water elementals
  An ettin skeleton (Crypt:2)
  5 hogs (D:13)
  A wyvern (Lair:3)
  3 fire elementals
  4 vampires
  39 yaks
  2 basilisks
  2 air elementals (Elf:1)
  47 redbacks
  3 chaos spawn
  A vampire mosquito (D:12)
  6 small abominations
  A warg (Depths:3)
  A naga (shapeshifter) (Vaults:3)
  5 water moccasins
  A nameless horror (Elf:3)
  An acid dragon (D:11)
  A floating eye (Depths:1)
  17 orc warriors
  3 ogres
  5 centaurs
  5 wolves
  3 necrophages
  An earth elemental (Elf:2)
  2 bullfrogs
  2 wights (D:10)
  A raiju zombie (Crypt:2)
  A cyclops skeleton (Crypt:2)
  A troll skeleton (Crypt:1)
  2 electric eels
  2 lava snakes (D:15)
  12 orc priests
  6 orc wizards
  A gnoll (D:9)
  35 orcs
  A goblin (D:4)
  A kobold (D:9)
  2 butterflies
995 creatures vanquished.

Vanquished Creatures (others)
  66 eldritch tentacles
  A soul eater (Crypt:2)
  A deep elf pyromancer (Elf:3)
  A tengu simulacrum (Depths:3)
  A wraith (Crypt:2)
  A yak (D:10)
  A redback (Spider:2)
  3 small abominations (Elf:3)
  84 battlemagi
  4 ancestors
  An orc (Depths:3)
  A fire vortex (D:15)
  50 fungi
  101 plants
  4 tentacles (Shoals:4)
  A withered plant (D:4)
321 creatures vanquished.

Grand Total: 2355 creatures vanquished

Notes
Turn   | Place    | Note
-------+----------+-------------------------------------------
     0 | D:1      | dolemite99 the Gnoll Earth Elementalist began the quest for
                  | the Orb.
     0 | D:1      | Reached XP level 1. HP: 13/13 MP: 6/6
   181 | D:1      | Reached XP level 2. HP: 19/19 MP: 5/7
   723 | D:1      | Reached XP level 3. HP: 20/25 MP: 3/9
   821 | D:1      | Reached skill level 5 in Spellcasting
   935 | D:2      | Found a faded altar of an unknown god.
  1000 | D:2      | Prayed at the altar of an unknown god.
  1000 | D:2      | Became a worshipper of the Shining One
  1000 | D:2      | Reached * piety under the Shining One
  1004 | D:2      | Reached skill level 1 in Invocations
  1191 | D:2      | Reached skill level 1 in Fighting
  1191 | D:2      | Reached skill level 1 in Short Blades
  1191 | D:2      | Reached skill level 1 in Long Blades
  1191 | D:2      | Reached skill level 1 in Axes
  1191 | D:2      | Reached skill level 1 in Maces & Flails
  1191 | D:2      | Reached skill level 1 in Polearms
  1191 | D:2      | Reached skill level 1 in Staves
  1191 | D:2      | Reached skill level 1 in Slings
  1191 | D:2      | Reached skill level 1 in Bows
  1191 | D:2      | Reached skill level 1 in Crossbows
  1191 | D:2      | Reached skill level 1 in Throwing
  1191 | D:2      | Reached skill level 1 in Armour
  1191 | D:2      | Reached skill level 1 in Shields
  1191 | D:2      | Reached skill level 1 in Unarmed Combat
  1191 | D:2      | Reached skill level 1 in Evocations
  1344 | D:2      | Reached XP level 4. HP: 32/32 MP: 4/11
  2045 | D:3      | Learned a level 3 spell: Stone Arrow
  2130 | D:3      | Noticed Jessica
  2139 | D:3      | Killed Jessica
  2140 | D:3      | Reached skill level 1 in Conjurations
  2140 | D:3      | Reached skill level 1 in Hexes
  2140 | D:3      | Reached skill level 1 in Summonings
  2140 | D:3      | Reached skill level 1 in Necromancy
  2140 | D:3      | Reached skill level 1 in Translocations
  2140 | D:3      | Reached skill level 1 in Fire Magic
  2140 | D:3      | Reached skill level 1 in Ice Magic
  2140 | D:3      | Reached skill level 1 in Air Magic
  2140 | D:3      | Reached skill level 1 in Poison Magic
  2426 | D:3      | Reached XP level 5. HP: 37/37 MP: 12/12
  2937 | D:4      | Reached ** piety under the Shining One
  3159 | D:4      | Found a bloodstained altar of Trog.
  3162 | D:4      | Reached XP level 6. HP: 44/44 MP: 10/13
  3628 | D:4      | Reached skill level 5 in Dodging
  3791 | D:4      | You fall into a shaft and drop 1 floor!
  3791 | D:5      | Entered Level 5 of the Dungeon
  3840 | D:5      | Identified the +7 scimitar "Transmigrator" {speed, Dex+2
                  | SInv}
  4026 | D:5      | Found a large runed translucent door.
  4028 | D:5      | Found a large runed translucent door.
  4066 | D:5      | Reached XP level 7. HP: 8/50 MP: 13/15
  4586 | D:5      | Found a large runed translucent door.
  4586 | D:5      | Found a large runed translucent door.
  4633 | D:5      | Found Buih's Antique Armour Shop.
  5206 | D:4      | Noticed Grinder
  5217 | D:4      | Killed Grinder
  5218 | D:4      | Reached skill level 5 in Stealth
  5303 | D:4      | Reached *** piety under the Shining One
  5315 | D:4      | Reached XP level 8. HP: 44/57 MP: 16/16
  5451 | D:4      | Found Liampa's Armour Shoppe.
  5472 | D:4      | Found a runed translucent door.
  5508 | D:4      | Found a runed translucent door.
  5509 | D:4      | Noticed trckry's ghost (amateur FeSu)
  5635 | D:4      | Learned a level 1 spell: Sandblast
  5694 | D:4      | Noticed Ijyb
  5750 | D:4      | Killed Ijyb
  7374 | D:5      | Noticed a gargoyle
  7757 | D:6      | Reached XP level 9. HP: 17/65 MP: 3/18
  8064 | D:6      | Learned a level 4 spell: Petrify
  8483 | D:6      | Reached **** piety under the Shining One
  9907 | D:6      | Reached skill level 5 in Invocations
 10610 | D:6      | Reached XP level 10. HP: 57/73 MP: 9/20
 10897 | D:7      | Found a staircase to the Ecumenical Temple.
 10923 | Temple   | Entered the Ecumenical Temple
 11284 | Temple   | Fell from the grace of the Shining One
 11284 | Temple   | Became a worshipper of Hepliaklqana the Forgotten
 11320 | D:7      | Reached skill level 5 in Fighting
 11320 | D:7      | Reached skill level 5 in Short Blades
 11320 | D:7      | Reached skill level 5 in Long Blades
 11320 | D:7      | Reached skill level 5 in Axes
 11320 | D:7      | Reached skill level 5 in Maces & Flails
 11320 | D:7      | Reached skill level 5 in Polearms
 11320 | D:7      | Reached skill level 5 in Staves
 11320 | D:7      | Reached skill level 5 in Slings
 11320 | D:7      | Reached skill level 5 in Bows
 11320 | D:7      | Reached skill level 5 in Crossbows
 11320 | D:7      | Reached skill level 5 in Throwing
 11320 | D:7      | Reached skill level 5 in Armour
 11320 | D:7      | Reached skill level 5 in Shields
 11320 | D:7      | Reached skill level 5 in Unarmed Combat
 11320 | D:7      | Reached skill level 5 in Evocations
 12952 | D:5      | Bought a polished ring mail for 216 gold pieces
 12952 | D:5      | Identified the +3 ring mail of Ufeidu Poquo {Dex+7} (You
                  | bought it in a shop on level 5 of the Dungeon)
 13012 | D:5      | Killed a gargoyle
 13501 | D:9      | Noticed a cyclops
 13721 | D:9      | Killed a cyclops
 13722 | D:9      | Reached skill level 5 in Transmutations
 14400 | D:9      | Reached * piety under Hepliaklqana
 14812 | D:9      | Identified the +1 dagger of Skirmishing {flame, Int+3}
 14848 | D:9      | Found a staircase to the Orcish Mines.
 15932 | Orc:1    | Entered Level 1 of the Orcish Mines
 15971 | D:10     | Entered Level 10 of the Dungeon
 15971 | D:10     | Found Viehinef's Jewellery Boutique.
 16015 | D:10     | Bought a ring of poison resistance for 300 gold pieces
 16025 | D:10     | Learned a level 3 spell: Dazzling Flash
 16027 | D:10     | Learned a level 1 spell: Animate Skeleton
 16043 | D:10     | Reached XP level 11. HP: 71/72 MP: 18/22
 16354 | D:10     | Found a staircase to the Lair.
 16444 | D:10     | Reached skill level 5 in Conjurations
 16444 | D:10     | Reached skill level 5 in Hexes
 16444 | D:10     | Reached skill level 5 in Summonings
 16444 | D:10     | Reached skill level 5 in Necromancy
 16444 | D:10     | Reached skill level 5 in Translocations
 16444 | D:10     | Reached skill level 5 in Fire Magic
 16444 | D:10     | Reached skill level 5 in Ice Magic
 16444 | D:10     | Reached skill level 5 in Air Magic
 16444 | D:10     | Reached skill level 5 in Poison Magic
 16757 | D:10     | Noticed a two-headed ogre
 17013 | D:10     | Killed a two-headed ogre
 17280 | D:10     | Reached ** piety under Hepliaklqana
 17281 | D:10     | Remembered your ancestor Nolwazi as a battlemage
 17939 | Lair:1   | Entered Level 1 of the Lair of Beasts
 18367 | Lair:1   | Reached XP level 12. HP: 69/80 MP: 16/24
 18618 | Lair:1   | Noticed an eight-headed hydra
 18625 | Lair:1   | Killed an eight-headed hydra
 19125 | Lair:1   | Reached *** piety under Hepliaklqana
 19565 | Lair:2   | Noticed an eight-headed hydra
 19572 | Lair:2   | Killed an eight-headed hydra
 20166 | Lair:2   | Found a hole to the Spider Nest.
 20836 | Lair:3   | Noticed a catoblepas
 21207 | Lair:3   | Noticed a four-headed hydra
 21225 | Lair:3   | Killed a four-headed hydra
 21588 | Lair:3   | Reached XP level 13. HP: 88/88 MP: 24/26
 21920 | Lair:3   | Reached **** piety under Hepliaklqana
 22426 | Lair:4   | Found a staircase to the Shoals.
 24273 | Lair:5   | Reached skill level 10 in Spellcasting
 25184 | Lair:5   | Reached skill level 10 in Dodging
 25184 | Lair:5   | Reached XP level 14. HP: 38/95 MP: 2/28
 25482 | Lair:5   | Identified the +1 broad axe "Rynatac" {venom, rN++ Dex+4}
 25623 | Lair:5   | Found a runed translucent door.
 25627 | Lair:5   | Found a viscous altar of Jiyva.
 25627 | Lair:5   | Found a staircase to the Slime Pits.
 25627 | Lair:5   | Noticed an acid blob
 25627 | Lair:5   | Noticed an acid blob
 25641 | Lair:5   | Reached ***** piety under Hepliaklqana
 25847 | Lair:6   | Entered Level 6 of the Lair of Beasts
 25881 | Lair:5   | Learned a level 3 spell: Frozen Ramparts
 25886 | Lair:5   | Learned a level 4 spell: Summon Ice Beast
 25892 | Lair:5   | Learned a level 5 spell: Irradiate
 26203 | Lair:6   | Reached skill level 10 in Stealth
 27007 | Lair:6   | Reached skill level 10 in Invocations
 27112 | Lair:6   | Noticed Rupert
 28048 | Lair:6   | Paralysed by Rupert for 3 turns
 28050 | Lair:6   | Killed Rupert
 29544 | Lair:6   | Reached XP level 15. HP: 103/103 MP: 22/29
 29995 | Lair:6   | Identified the ring of Vehumet's Pride {Str+6 Dex+4}
 30214 | D:10     | Upgraded the game from 0.29-a0-397-g846e4a0bbc to
                  | 0.29-a0-398-ge13fd1374b
 30981 | Orc:2    | Entered Level 2 of the Orcish Mines
 30981 | Orc:2    | Noticed Sonja
 30985 | Orc:2    | Killed Sonja
 30986 | Orc:2    | Reached skill level 10 in Earth Magic
 31262 | Orc:2    | Found a staircase to the Elven Halls.
 31282 | Orc:2    | Found Wipok's Overcharged Wands.
 31687 | Orc:2    | Reached skill level 10 in Fighting
 31687 | Orc:2    | Reached skill level 10 in Short Blades
 31687 | Orc:2    | Reached skill level 10 in Long Blades
 31687 | Orc:2    | Reached skill level 10 in Axes
 31687 | Orc:2    | Reached skill level 10 in Maces & Flails
 31687 | Orc:2    | Reached skill level 10 in Polearms
 31687 | Orc:2    | Reached skill level 10 in Staves
 31687 | Orc:2    | Reached skill level 10 in Slings
 31687 | Orc:2    | Reached skill level 10 in Bows
 31687 | Orc:2    | Reached skill level 10 in Crossbows
 31687 | Orc:2    | Reached skill level 10 in Throwing
 31687 | Orc:2    | Reached skill level 10 in Armour
 31687 | Orc:2    | Reached skill level 10 in Shields
 31687 | Orc:2    | Reached skill level 10 in Unarmed Combat
 31687 | Orc:2    | Reached skill level 10 in Evocations
 33878 | Orc:2    | Found Uraem's Magic Scroll Shop.
 33881 | Orc:2    | Found Xaysaeride's Weapon Shop.
 33883 | Orc:2    | Found Xaofrure's Antique Armour Boutique.
 33884 | Orc:2    | Found Cogopyumi's Book Shop.
 33900 | Orc:2    | Bought the Disquisition on Clay and Black Arts for 576 gold
                  | pieces
 33906 | Orc:2    | Learned a level 5 spell: Borgnjor's Vile Clutch
 33906 | Orc:2    | Bought the Papyrus of Sinister Battle Magic for 480 gold
                  | pieces
 33909 | Orc:2    | Learned a level 2 spell: Sublimation of Blood
 34038 | D:10     | Learned a level 6 spell: Iron Shot
 34331 | D:5      | Bought a shiny ring mail for 168 gold pieces
 34494 | Orc:2    | Bought a runed ring mail for 154 gold pieces
 37125 | D:12     | Identified the +10 falchion "Giantbane" {pain, Int+5 Dex+2}
 38276 | D:12     | Noticed Frances
 38288 | D:12     | Killed Frances
 39127 | D:13     | Noticed Kirke
 39150 | D:13     | Killed Kirke
 39151 | D:13     | Reached XP level 16. HP: 110/110 MP: 13/31
 40271 | D:14     | Noticed Nessos
 40280 | D:14     | Killed Nessos
 40915 | D:14     | Found a gate to the Vaults.
 41022 | D:14     | Noticed Snorg
 41122 | D:14     | Killed Snorg
 41465 | D:14     | Found an ornate altar of the Wu Jian Council.
 42387 | D:15     | Entered Level 15 of the Dungeon
 43681 | D:15     | Found a staircase to the Depths.
 43936 | Orc:2    | Bought a scroll of fog for 20 gold pieces
 43936 | Orc:2    | Bought a scroll of fog for 20 gold pieces
 43946 | Orc:2    | Learned a level 5 spell: Lee's Rapid Deconstruction
 46158 | D:15     | Found a transporter.
 46179 | D:15     | Noticed Yamstis's ghost (adept GnMo)
 46186 | D:15     | Found a transporter.
 46332 | D:15     | Found a shimmering blue altar of Sif Muna.
 46709 | Spider:1 | Entered Level 1 of the Spider Nest
 48328 | Spider:1 | Reached XP level 17. HP: 61/117 MP: 12/33
 49432 | Spider:1 | HP: 4/117 [spark wasp (4)]
 49467 | Spider:1 | Reached skill level 10 in Transmutations
 50451 | Spider:1 | Found a hide-covered altar of Uskayaw.
 51280 | Spider:2 | Noticed Donald
 51307 | Spider:2 | Killed Donald
 53394 | Spider:3 | Reached skill level 10 in Conjurations
 53394 | Spider:3 | Reached skill level 10 in Hexes
 53394 | Spider:3 | Reached skill level 10 in Summonings
 53394 | Spider:3 | Reached skill level 10 in Necromancy
 53394 | Spider:3 | Reached skill level 10 in Translocations
 53394 | Spider:3 | Reached skill level 10 in Fire Magic
 53394 | Spider:3 | Reached skill level 10 in Ice Magic
 53394 | Spider:3 | Reached skill level 10 in Air Magic
 53394 | Spider:3 | Reached skill level 10 in Poison Magic
 53827 | Spider:3 | Noticed Jorgrun
 53852 | Spider:3 | Killed Jorgrun
 54447 | Spider:3 | Noticed Mlioglotl
 54471 | Spider:3 | Killed Mlioglotl
 55551 | Spider:3 | Noticed Agnes
 55557 | Spider:3 | Killed Agnes
 56241 | Spider:4 | Entered Level 4 of the Spider Nest
 56249 | Spider:4 | Learned a level 6 spell: Death Channel
 56535 | Spider:4 | Reached XP level 18. HP: 123/126 MP: 27/35
 58896 | Spider:4 | Got a gossamer rune of Zot
 59111 | Shoals:1 | Entered Level 1 of the Shoals
 59373 | Shoals:1 | Found a runed translucent gate.
 59373 | Shoals:1 | Found a runed translucent gate.
 59403 | Shoals:1 | Found a runed translucent gate.
 59447 | Shoals:1 | Noticed trckry's ghost (adept HuSu)
 60017 | Shoals:2 | Noticed Ilsuiw
 60037 | Shoals:2 | Killed Ilsuiw
 61654 | Shoals:3 | Found an ancient bone altar of Kikubaaqudgha.
 62365 | Shoals:3 | Noticed Polyphemus
 62392 | Shoals:3 | Killed Polyphemus
 63124 | Vaults:1 | Entered Level 1 of the Vaults
 63177 | Vaults:1 | Reached XP level 19. HP: 91/133 MP: 7/36
 64823 | Vaults:1 | Learned a level 3 spell: Vampiric Draining
 65382 | Vaults:1 | Noticed Aizul
 65393 | Vaults:1 | Killed Aizul
 67087 | Vaults:2 | Identified the amulet "Viuneiga" {RegenMP SInv}
 67490 | Vaults:2 | Learned a level 6 spell: Statue Form
 67561 | Vaults:2 | Reached XP level 20. HP: 141/141 MP: 34/38
 69127 | Vaults:3 | Found Qapatar's General Store.
 69228 | Vaults:3 | Bought the quicksilver dragon scales of Devotion {Will+
                  | Int+4} for 1206 gold pieces
 69502 | D:10     | Bought a ring of ice for 375 gold pieces
 70045 | Vaults:3 | Found a huge runed gate.
 70045 | Vaults:3 | Found a huge runed gate.
 70045 | Vaults:3 | Found a huge runed gate.
 70045 | Vaults:3 | Found a huge runed gate.
 70045 | Vaults:3 | Found a huge runed gate.
 70046 | Vaults:3 | Found a huge runed gate.
 70046 | Vaults:3 | Found a huge runed gate.
 70046 | Vaults:3 | Found a huge runed gate.
 70046 | Vaults:3 | Found a huge runed gate.
 70046 | Vaults:3 | Found a huge runed gate.
 70047 | Vaults:3 | Found a huge runed gate.
 70047 | Vaults:3 | Found a huge runed gate.
 70048 | Vaults:3 | Found a huge runed gate.
 70049 | Vaults:3 | Found a huge runed gate.
 70050 | Vaults:3 | Found a huge runed gate.
 70057 | Vaults:3 | Found a huge runed gate.
 70057 | Vaults:3 | Found a huge runed gate.
 70058 | Vaults:3 | Found a huge runed gate.
 70059 | Vaults:3 | Found a huge runed gate.
 70851 | Vaults:3 | Reached skill level 15 in Invocations
 71415 | Vaults:3 | Found a staircase to the Crypt.
 71847 | Vaults:3 | Noticed Frederick
 71855 | Vaults:3 | Killed Frederick
 72328 | Vaults:3 | Found a huge runed gate.
 72328 | Vaults:3 | Found a huge runed gate.
 72328 | Vaults:3 | Found a huge runed gate.
 72328 | Vaults:3 | Found a huge runed gate.
 72328 | Vaults:3 | Found a huge runed gate.
 72328 | Vaults:3 | Found a huge runed gate.
 72329 | Vaults:3 | Found a huge runed gate.
 72330 | Vaults:3 | Found a huge runed gate.
 72331 | Vaults:3 | Found a huge runed gate.
 72339 | Vaults:3 | Found a huge runed gate.
 72339 | Vaults:3 | Found a huge runed gate.
 72339 | Vaults:3 | Found a huge runed gate.
 72339 | Vaults:3 | Found a huge runed gate.
 72339 | Vaults:3 | Found a huge runed gate.
 72339 | Vaults:3 | Found a huge runed gate.
 72340 | Vaults:3 | Found a huge runed gate.
 72341 | Vaults:3 | Found a huge runed gate.
 72784 | Vaults:3 | Reached XP level 21. HP: 92/145 MP: 3/39
 73364 | Vaults:4 | Noticed Margery
 73392 | Vaults:4 | Killed Margery
 73393 | Vaults:4 | Reached skill level 15 in Spellcasting
 74536 | Vaults:4 | Reached skill level 15 in Dodging
 75041 | Vaults:4 | Reached skill level 15 in Stealth
 75887 | Vaults:4 | Identified the ring of Cowardice {rN+ Will- rCorr Int+3
                  | Dex+6}
 76673 | Elf:1    | Entered Level 1 of the Elven Halls
 77452 | Elf:1    | Got the Collected Works on Confrontation
 77824 | Elf:1    | Reached XP level 22. HP: 156/156 MP: 29/41
 78295 | Elf:1    | Cast into level 3 of the Abyss (+1 whip of distortion)
 78467 | Abyss:3  | Found a sparkling altar of Nemelex Xobeh.
 78761 | Elf:1    | Escaped the Abyss
 79440 | Elf:2    | Paralysed by an air elemental for 1 turns
 79528 | Elf:2    | Found a crumbling gateway.
 79540 | Elf:2    | Paralysed by an air elemental for 1 turns
 79864 | Elf:2    | Found a runed translucent gate.
 79865 | Elf:2    | Found a runed translucent gate.
 79865 | Elf:2    | Found a runed translucent gate.
 79920 | Elf:2    | Reached skill level 15 in Fighting
 79920 | Elf:2    | Reached skill level 15 in Short Blades
 79920 | Elf:2    | Reached skill level 15 in Long Blades
 79920 | Elf:2    | Reached skill level 15 in Axes
 79920 | Elf:2    | Reached skill level 15 in Maces & Flails
 79920 | Elf:2    | Reached skill level 15 in Polearms
 79920 | Elf:2    | Reached skill level 15 in Staves
 79920 | Elf:2    | Reached skill level 15 in Slings
 79920 | Elf:2    | Reached skill level 15 in Bows
 79920 | Elf:2    | Reached skill level 15 in Crossbows
 79920 | Elf:2    | Reached skill level 15 in Throwing
 79920 | Elf:2    | Reached skill level 15 in Armour
 79920 | Elf:2    | Reached skill level 15 in Shields
 79920 | Elf:2    | Reached skill level 15 in Unarmed Combat
 79920 | Elf:2    | Reached skill level 15 in Evocations
 79950 | Elf:2    | Paralysed by an air elemental for 1 turns
 80568 | D:15     | Found a one-way gate to the infinite horrors of the Abyss.
 80908 | Shoals:4 | Entered Level 4 of the Shoals
 81537 | Shoals:4 | Got a barnacled rune of Zot
 81560 | Shoals:4 | Learned a level 4 spell: Summon Lightning Spire
 82960 | Depths:1 | Entered Level 1 of the Depths
 83138 | Depths:1 | Found a shadowy altar of Dithmenos.
 83407 | Depths:1 | Found Aseaha Cosch's Book Boutique.
 83408 | Depths:1 | Found Byno Woick's Jewellery Emporium.
 83410 | Depths:1 | Found Olef's Book Boutique.
 83418 | Depths:1 | Bought a ring of protection from fire for 500 gold pieces
 83432 | Depths:1 | Bought a Grand Grimoire for 612 gold pieces
 83440 | Depths:1 | Learned a level 7 spell: Malign Gateway
 83652 | Depths:1 | Identified a scroll of acquirement
 83992 | Depths:1 | Acquired 705 gold pieces
 84472 | Depths:1 | Found a gateway to Hell.
 84795 | Depths:1 | Reached XP level 23. HP: 156/163 MP: 27/43
 85486 | Depths:1 | Noticed a juggernaut
 85492 | Depths:1 | Killed a juggernaut
 86128 | Depths:2 | Got the Tome of Orientation and Weightlessness
 86415 | Depths:2 | Identified the +4 plate armour of Rariol {-Tele Regen+
                  | Int+6}
 86568 | Depths:2 | Found Dippe's Jewellery Shop.
 86584 | Depths:2 | Bought a ring of protection from cold for 425 gold pieces
 86796 | Depths:2 | Found a hazy altar of Hepliaklqana.
 86797 | Depths:2 | Found a glowing golden altar of the Shining One.
 86798 | Depths:2 | Found a shimmering altar of Xom.
 86798 | Depths:2 | Found an ancient bone altar of Kikubaaqudgha.
 86996 | Depths:2 | Found Koag's Antique Weapon Shop.
 87247 | Depths:2 | Found a one-way gate leading to the halls of Pandemonium.
 87629 | Depths:2 | Found a one-way gateway to a ziggurat.
 87759 | Depths:2 | Identified the +8 halberd "Remmy" {vorpal, *Corrode rElec
                  | Dex+10 SInv}
 87765 | Depths:2 | Got the Guide on Envenoming
 87767 | Depths:2 | Identified the +0 helmet of Mental Paralysis {Harm Will-
                  | Int+5 Dex+3}
 87769 | Depths:2 | Identified the +7 great sword "Lottami" {vorpal, rC+ Str+2}
 88395 | Depths:3 | Noticed Saint Roka
 88411 | Depths:3 | Killed Saint Roka
 88823 | Depths:3 | Identified the ring of Feshorph {Ice +Blink Will- Int+4
                  | Slay+6}
 88823 | Depths:3 | Noticed Josephina
 88841 | Depths:3 | Killed Josephina
 89793 | Depths:3 | Identified the +3 long sword of Wu Jian's Indignation
                  | {flame, rN+ rCorr Dex+7 SInv}
 89812 | Depths:4 | Entered Level 4 of the Depths
 89829 | Depths:4 | Reached XP level 24. HP: 119/171 MP: 24/43
 91200 | Depths:4 | Found a gate to the Realm of Zot.
 91267 | Depths:4 | Found Oja Oppu's Magic Scroll Boutique.
 91269 | Depths:4 | Found Cedein's Assorted Antiques.
 91272 | Depths:4 | Found Kuxeqyzod's Antique Weapon Boutique.
 91278 | Depths:4 | Identified the +1 helmet of Xappiso {rN+ Dex+2}
 91288 | Depths:4 | Bought a scroll of fear for 52 gold pieces
 91288 | Depths:4 | Bought a scroll of teleportation for 45 gold pieces
 91288 | Depths:4 | Bought a scroll of fog for 30 gold pieces
 91288 | Depths:4 | Bought a scroll of magic mapping for 52 gold pieces
 91292 | Depths:4 | Bought a polished fustibalus for 560 gold pieces
 91292 | Depths:4 | Identified the +8 fustibalus of Regicide {flame, *Slow
                  | Will+ Dex+3} (You bought it in a shop on level 4 of the
                  | Depths)
 91677 | Depths:4 | Upgraded the game from 0.29-a0-398-ge13fd1374b to
                  | 0.29-a0-409-gd843f3a48c
 92166 | Elf:3    | Entered Level 3 of the Elven Halls
 92385 | Elf:3    | Found a transporter.
 92390 | Elf:3    | Noticed spaghetti's ghost (adept GnWn)
 92868 | Elf:3    | Found a transporter.
 93473 | Elf:3    | Identified the +1 plate armour "Sedduob" {rPois rN+ Str+4}
 94854 | Elf:3    | Identified the ring of the Quick Lychee {Drain MP+9 Str+5
                  | Dex+3 SInv}
 95148 | Elf:3    | Reached skill level 15 in Transmutations
 95981 | Elf:3    | Identified the +0 troll leather armour of Emeucut {Drain
                  | Regen+ Str+10}
 96933 | Elf:3    | Got the Guide on the Frostbite
 96996 | Elf:3    | Identified the +6 arbalest of the Writhing Gods {venom,
                  | Str-2 Dex+5}
 97033 | Elf:3    | Got Osuipsir's Incunabulum of Dark Battle Magic
 97608 | Depths:1 | Bought the amulet of the Winnowing Jester {Acrobat rElec
                  | rN+} for 964 gold pieces
 98059 | Crypt:1  | Entered Level 1 of the Crypt
 98059 | Crypt:1  | Noticed Bai Suzhen
 98068 | Crypt:1  | Killed Bai Suzhen
 98069 | Crypt:1  | Reached skill level 15 in Earth Magic
 98398 | Crypt:1  | Noticed Xtahua
 98403 | Crypt:1  | Killed Xtahua
 98707 | Crypt:1  | Identified the ring of Qaemuesch {rF+++ rCorr Int+8 Slay-2}
100918 | Crypt:2  | Reached XP level 25. HP: 181/181 MP: 33/44
101832 | Crypt:2  | Noticed Sojobo
101844 | Crypt:2  | Killed from afar by a tengu reaver

Illustrated notes

Levels and vault maps discovered:
D:1:      dpeg_arrival_ternary, layout_loops_ring
D:2:      layout_basic, ebering_ecumenical_altar_sacrificial
D:3:      layout_loops_ring, uniq_jessica
D:4:      kennysheep_the_goblin_king, layout_gridville, lemuel_round_altar,
          ebering_ghost_sewer_f, serial_undead, serial_undead_a,
          serial_undead_c, serial_undead_f, serial_undead_e, serial_shops,
          shop_fountains, uniq_grinder
D:5:      layout_layer_cave, serial_shops, nicolae_shop_overgrown_old_shop,
          minmay_hollow_rounded_squares
D:6:      layout_basic
D:7:      layout_cave_pools, minmay_temple_entry_gardened_gates, serial_rivers,
          chequers_serial_rivers_large_b, chequers_serial_rivers_micro_c,
          chequers_serial_rivers_marsh, chequers_serial_rivers_marsh,
          chequers_serial_rivers_small_b, chequers_serial_rivers_micro_d
D:8:      layout_gridville, enter_bailey_3
D:9:      layout_irregular_city, erik_orc_4, nzn_life_drinkers
D:10:     layout_long_grid, dpeg_oklobed_lair, serial_shops,
          nicolae_stop_n_shop_2
D:11:     layout_stronghold, feat_on_display
D:12:     layout_grid_maze, uniq_frances
D:13:     layout_stronghold, minmay_misc_feat_more_columns, uniq_kirke
D:14:     layout_stronghold, erik_vaults_1, nzn_wu_jian_council_hall,
          grunt_decor_cap, serial_bayou_lagoon_b, uniq_snorg, uniq_nessos
D:15:     grunt_enter_depths_hoard, layout_basic,
          gammafunk_ghost_abyssal_escape, lemuel_blue_sif_altar
Temple:   compressed_dpeg_triangle_lava_temple
Lair:1:   layout_regular_city, portal_ice_cave_entry_pillars_1
Lair:2:   layout_loops_ring, hellmonk_spider_entry_life_and_decay
Lair:3:   layout_layer_cave, infiniplex_staircase_pool, grunt_megastairs_2
Lair:4:   layout_loops_ring, minmay_shoals_entry_centaurs, lemuel_fruit_fields
Lair:5:   layout_regular_city, slime_altar_2, grunt_megastairs_4
Lair:6:   evilmike_catoblepas_cave, layout_gridlike, grunt_megastairs_5,
          lemuel_fruit_fields, uniq_rupert
Shoals:1: layout_shoals, ebering_ghost_rock_garden
Shoals:2: layout_shoals, uniq_ilsuiw
Shoals:3: layout_shoals, lemuel_centaur_altar, uniq_polyphemus
Shoals:4: shoals_end_grunt_ice, layout_shoals, overgrown_hall
Spider:1: layout_spider_delve, nicolae_spider_altar_of_dancing
Spider:2: layout_spider_delve, drop_trap, nicolae_spider_cling_halls,
          uniq_donald
Spider:3: layout_spider_delve, uniq_mlioglotl, uniq_jorgrun, uniq_agnes
Spider:4: spider_rune_water
Orc:1:    layout_caves
Orc:2:    st_orc_pillars, layout_caves, nicolae_shop_overcharged_wands,
          uniq_sonja
Elf:1:    eino_elf_arrival_shootout, layout_onion_city, minmay_elf_annihilation,
          nicolae_elf_free_trip_to_the_abyss
Elf:2:    nicolae_elf_blades_crystal_corner, layout_geoelf_diagonals,
          portal_desolation_entry_garden
Elf:3:    minmay_elf_hall_not_hex, layout_gridlike, gammafunk_ghost_arena,
          nicolae_elf_w_pinch, laboratory
Vaults:1: vaults_mumra_minichess_inversion, st_eye, nicolae_vaults_rhombus_6,
          v_rooms_4, ontoclasm_vaults_pinch, nicolae_vaults_theta,
          vaults_room_door_ring, hangedman_vaults_trim, layout_vaults_omnigrid,
          uniq_aizul
Vaults:2: nicolae_vaults_diagonal_hallway_8, nicolae_vaults_circle_grid_a,
          vaults_room_octagon, nicolae_vaults_circle_grid_a, v_pattern_1,
          nicolae_vaults_stairing_the_circle, hangedman_vaults_slice,
          st_octagons_1, grunt_vaults_hallway_short, vaults_room_semicircle,
          layout_vaults_omnicross
Vaults:3: door_vault, v_misc_8, grunt_vaults_funnel,
          nicolae_vaults_three_branches, vaults_room_hallway,
          minmay_crypt_entry_simple_box, v_misc_4, hangedman_vaults_nails,
          nicolae_vaults_network_square, v_misc_14, nicolae_vaults_angled_halls,
          v_misc_10, ontoclasm_vaults_fault, ontoclasm_vaults_shuriken,
          grunt_vaults_focal, layout_vaults_ring, serial_shops, shop_fountains,
          uniq_frederick
Vaults:4: nicolae_vaults_network_quinsquares
          [nicolae_vaults_network_quincunx_subvault,
          nicolae_vaults_network_quincunx_subvault,
          nicolae_vaults_network_quincunx_subvault,
          nicolae_vaults_network_quincunx_subvault], st_greater_box_2,
          v_misc_10, ontoclasm_vaults_loading_screen,
          ontoclasm_vaults_ring_square, v_misc_31, dpeg_vaults_monster_box,
          hangedman_vaults_slither, nicolae_vaults_network_s,
          ontoclasm_vaults_loading_screen, ontoclasm_vaults_loading_screen,
          layout_vaults_maze, uniq_margery
Crypt:1:  layout_rooms, serial_sigils_hangedman_quiver, st_vampire_maze,
          uniq_bai_suzhen, uniq_xtahua
Crypt:2:  layout_gridlike, lemuel_upstairs_altar, uniq_sojobo
Depths:1: evilmike_marble_ring, layout_long_grid, hangedman_abyss_entry_splay,
          nicolae_dithmenos_shadow_blocks, grunt_hell_entry_dis_old,
          minmay_alternating_orb, minmay_shop_grove
Depths:2: minmay_the_grid_octo_2x2 [minmay_the_grid_octo_checkerflower,
          minmay_the_grid_octo_shrine, minmay_the_grid_octo_pinwheel,
          minmay_the_grid_octo_prize_single_spiral], layout_cave_pools,
          enter_ziggurat_f, grunt_metal_band, grunt_pan_entry_sceptre,
          serial_shops, shop_statue, shop, marbit_kobold_abyss_entry,
          minmay_protected_statue, minmay_staircase_statues
Depths:3: hellmonk_ruined_rings, layout_basic, kennysheep_cluttered_room,
          pf_hell_entry_tar_river, abyss_entry, uniq_josephina, uniq_saint_roka
Depths:4: evilmike_zot_entry_diamond, layout_gridlike, hell_entry,
          rand_demon_pan_entry_1, serial_rivers, chequers_serial_rivers_room_b,
          chequers_serial_rivers_room_b, chequers_serial_rivers_large_a,
          chequers_serial_rivers_marsh, chequers_serial_rivers_micro_a,
          minmay_crystal_water, minmay_shop_star

Skill      XL: |  1  2  3  4  5  6  7  8  9 10 11 12 13 14 15 16 17 18 19 20 21 22 23 24 |
---------------+-------------------------------------------------------------------------+-----
Transmutations | 2 3 4 5 6 7 8 9 10 11 12 13 14 15 | 15.7
Spellcasting   | 5 6 7 8 9 10 11 12 13 14 15 16 17 | 17.4
Invocations    | 1 2 3 4 5 6 7 8 9 10 11 12 13 14 15 16 17 18 | 18.2
Fighting       | 1 2 3 4 5 6 7 8 9 10 11 12 13 14 15 16 17 | 17.7
Short Blades   | 1 2 3 4 5 6 7 8 9 10 11 12 13 14 15 16 | 16.8
Long Blades    | 1 2 3 4 5 6 7 8 9 10 11 12 13 14 15 16 | 16.8
Axes           | 1 2 3 4 5 6 7 8 9 10 11 12 13 14 15 16 | 16.8
Maces & Flails | 1 2 3 4 5 6 7 8 9 10 11 12 13 14 15 16 | 16.8
Polearms       | 1 2 3 4 5 6 7 8 9 10 11 12 13 14 15 16 | 16.8
Staves         | 1 2 3 4 5 6 7 8 9 10 11 12 13 14 15 16 | 16.8
Slings         | 1 2 3 4 5 6 7 8 9 10 11 12 13 14 15 16 | 16.8
Bows           | 1 2 3 4 5 6 7 8 9 10 11 12 13 14 15 16 | 16.8
Crossbows      | 1 2 3 4 5 6 7 8 9 10 11 12 13 14 15 16 | 16.8
Throwing       | 1 2 3 4 5 6 7 8 9 10 11 12 13 14 15 16 | 16.8
Armour         | 1 2 3 4 5 6 7 8 9 10 11 12 13 14 15 16 | 16.8
Shields        | 1 2 3 4 5 6 7 8 9 10 11 12 13 14 15 16 | 16.8
Unarmed Combat | 1 2 3 4 5 6 7 8 9 10 11 12 13 14 15 16 | 16.8
Evocations     | 1 2 3 4 5 6 7 8 9 10 11 12 13 14 15 16 | 16.8
Conjurations   | 1 2 3 4 5 6 7 8 9 10 11 12 13 14 | 14.3
Hexes          | 1 2 3 4 5 6 7 8 9 10 11 12 13 14 | 14.3
Summonings     | 1 2 3 4 5 6 7 8 9 10 11 12 13 14 | 14.3
Necromancy     | 1 2 3 4 5 6 7 8 9 10 11 12 13 14 | 14.3
Translocations | 1 2 3 4 5 6 7 8 9 10 11 12 13 14 | 14.3
Fire Magic     | 1 2 3 4 5 6 7 8 9 10 11 12 13 14 | 14.3
Ice Magic      | 1 2 3 4 5 6 7 8 9 10 11 12 13 14 | 14.3
Air Magic      | 1 2 3 4 5 6 7 8 9 10 11 12 13 14 | 14.3
Poison Magic   | 1 2 3 4 5 6 7 8 9 10 11 12 13 14 | 14.3
Dodging        | 5 6 7 8 9 10 11 12 13 14 15 16 18 | 18.2
Stealth        | 5 6 7 8 9 10 11 12 13 14 15 16 17 | 17.3
Earth Magic    | 6 7 8 9 10 11 12 13 14 15 | 15.2

Action                   |  1- 3 |  4- 6 |  7- 9 | 10-12 | 13-15 | 16-18 | 19-21 | 22-24 | 25-27 || total
-------------------------+-------+-------+-------+-------+-------+-------+-------+-------+-------++-------
Melee: Dagger            |     7 |       |       |       |       |       |       |       |       ||     7
       Scimitar          |       |     7 |    62 |    74 |   105 |    52 |       |       |       ||   300
       Bite              |       |       |     8 |    12 |    25 |    17 |    10 |     4 |     1 ||    77
       Punch             |       |       |     2 |     6 |       |       |       |       |       ||     8
       Falchion          |       |       |       |       |     6 |    76 |       |       |       ||    82
       Staff             |       |       |       |       |       |       |    50 |    47 |       ||    97
       Unarmed           |       |       |       |       |       |       |    14 |       |       ||    14
       Demon trident     |       |       |       |       |       |       |     5 |       |       ||     5
       Broad axe         |       |       |       |       |       |       |     4 |       |       ||     4
       Long sword        |       |       |       |       |       |       |       |     6 |     4 ||    10
 Fire: Hunting sling     |       |    36 |       |     2 |    67 |    62 |       |       |       ||   167
       Hand crossbow     |       |       |       |    97 |       |       |       |       |       ||    97
Throw: Javelin           |       |       |     8 |    12 |    57 |    39 |       |     2 |       ||   118
       Dart              |       |       |       |    23 |    47 |     2 |       |       |       ||    72
       Boomerang         |       |       |       |       |     2 |    71 |    61 |    58 |       ||   192
 Cast: Sandblast         |    49 |    80 |    54 |   200 |    93 |       |       |       |       ||   476
       Stone Arrow       |       |       |    70 |   102 |   235 |   175 |    91 |       |       ||   673
       Animate Skeleton  |       |       |       |    29 |    61 |    23 |    30 |    10 |       ||   153
       Petrify           |       |       |       |     3 |     3 |       |       |       |       ||     6
       Borgnjor's Vile C |       |       |       |       |    33 |   211 |   177 |   199 |    11 ||   631
       Summon Ice Beast  |       |       |       |       |    18 |    34 |     7 |       |       ||    59
       Frozen Ramparts   |       |       |       |       |     9 |    37 |    13 |     2 |       ||    61
       Sublimation of Bl |       |       |       |       |     4 |    18 |    24 |    19 |     5 ||    70
       Lee's Rapid Decon |       |       |       |       |       |    24 |    10 |     4 |     3 ||    41
       Dazzling Flash    |       |       |       |       |       |     1 |       |     2 |       ||     3
       Iron Shot         |       |       |       |       |       |     3 |   116 |   203 |     5 ||   327
       Death Channel     |       |       |       |       |       |    17 |    25 |    25 |       ||    67
       Statue Form       |       |       |       |       |       |       |     2 |       |       ||     2
       Summon Lightning  |       |       |       |       |       |       |       |    78 |     5 ||    83
       Malign Gateway    |       |       |       |       |       |       |       |    66 |     5 ||    71
Invok: Recall Ancestor   |       |       |       |     1 |    15 |    15 |    18 |    33 |     1 ||    83
       Ancestor Life: Ba |       |       |       |     1 |       |       |       |       |       ||     1
       Idealise          |       |       |       |       |    17 |     7 |    11 |     7 |     2 ||    44
Evoke: Wand              |       |       |     2 |     4 |    17 |    30 |    14 |    12 |       ||    79
       Phantom mirror    |       |       |       |     2 |     5 |    10 |     7 |     4 |     1 ||    29
       Box of beasts     |       |       |       |       |       |     8 |     6 |     2 |       ||    16
       Condenser vane    |       |       |       |       |       |       |     6 |    10 |       ||    16
       Tin of tremorston |       |       |       |       |       |       |       |     2 |       ||     2
  Use: Potion            |       |     1 |       |     3 |       |    16 |       |     2 |       ||    22
       Scroll            |       |       |     8 |    17 |    17 |    19 |    23 |    13 |       ||    97
 Stab: Distracted        |       |       |       |       |     5 |     2 |     4 |     3 |       ||    14
       Paralysed         |       |       |       |       |       |     3 |       |       |       ||     3
Armor: Robe              |     4 |    23 |    30 |    14 |       |       |       |       |       ||    71
       Ring mail         |       |       |       |    77 |    99 |   224 |    46 |       |       ||   446
       Skin              |       |       |       |       |       |       |     7 |       |       ||     7
       Quicksilver drago |       |       |       |       |       |       |    47 |    89 |     8 ||   144
Dodge: Dodged            |    17 |    63 |    95 |   193 |   212 |   285 |   183 |   174 |    24 ||  1246
       Repelled          |       |       |       |     3 |       |       |       |       |       ||     3
Block: Buckler           |       |       |       |       |   130 |    76 |       |       |       ||   206
       Kite shield       |       |       |       |       |       |   176 |   204 |   242 |    22 ||   644
       Reflection        |       |       |       |       |       |     5 |    39 |    30 |       ||    74

Table legend: (Time is in decaauts)
 A = Elapsed time spent in this place.
 B = Non-inter-level travel time spent in this place.
 C = Inter-level travel time spent in this place.
 D = Time resting spent in this place.
 E = Time spent auto-exploring this place.
 F = Levels seen in this place.
 G = Mean time per level.
                   A        B        C        D        E       F      G
               +--------+--------+--------+--------+--------+-----+--------+
         Total | 102237 |  93485 |   8752 |  39827 |  36301 |  46 | 2222.5 |
       Dungeon |  31773 |  28042 |   3731 |  12659 |  11299 |  15 | 2118.2 |
        Temple |    371 |    362 |      9 |    121 |    184 |   1 |  371.0 |
          Lair |  14745 |  13350 |   1395 |   5116 |   6128 |   6 | 2457.5 |
        Shoals |   5858 |   5470 |    388 |   1101 |   2999 |   4 | 1464.5 |
   Spider Nest |  10835 |  10476 |    359 |   6245 |   2496 |   4 | 2708.8 |
  Orcish Mines |   4372 |   3670 |    702 |   1614 |   1118 |   2 | 2186.0 |
   Elven Halls |   8247 |   7707 |    540 |   3174 |   2694 |   3 | 2749.0 |
        Vaults |  12544 |  11439 |   1105 |   4214 |   5017 |   4 | 3136.0 |
         Crypt |   3782 |   3759 |     23 |   2334 |    785 |   2 | 1891.0 |
        Depths |   9241 |   8745 |    496 |   3130 |   3574 |   4 | 2310.2 |
         Abyss |    465 |    465 |      0 |    118 |      5 |   1 |  465.0 |
               +--------+--------+--------+--------+--------+-----+--------+

Top non-repeatable levels by time:
   Elf:3: 4863 daAuts
    D:14: 4855 daAuts
  Lair:2: 4022 daAuts
  Lair:5: 3568 daAuts
Spider:1: 3541 daAuts
Vaults:2: 3286 daAuts
Vaults:4: 3204 daAuts
Depths:1: 3131 daAuts
Vaults:1: 3044 daAuts
  Lair:6: 3035 daAuts
Vaults:3: 3008 daAuts
     D:6: 2947 daAuts
   Orc:2: 2906 daAuts
     D:5: 2828 daAuts
Spider:4: 2730 daAuts
